 Dungeon Crawl Stone Soup version 0.30-a0-900-g23479c02f2 (webtiles) character file.

Game seed: 3248450336142511998

220722 Sobieck the Unseen (level 18, 0/92 HPs)
             Began as a Spriggan Earth Elementalist on Mar 14, 2023.
             Was the Champion of Dithmenos.
             Killed from afar by a deep elf zephyrmancer (32 damage)
             ... with a bolt of lightning
             ... on level 1 of the Elven Halls on Mar 18, 2023.
             The game lasted 02:41:38 (46516 turns).

Sobieck the Unseen (Spriggan Earth Elementalist)   Turns: 46516, Time: 02:41:38

Health: 0/92       AC: 15    Str:  4    XL:     18   Next: 48%
Magic:  39/39      EV: 37    Int: 22    God:    Dithmenos [******]
Gold:   2039       SH: 12    Dex: 24    Spells: 31/49 levels left

rFire   + . .      SeeInvis +    a - +8 rapier (elec) {short}
rCold   . . .      Faith    .    n - +1 buckler {AC+3}
rNeg    . . .      Spirit   .    N - +4 steam dragon scales
rPois   .          Reflect  +    (helmet restricted)
rElec   .          Rampage  .    z - +2 cloak {Will+}
rCorr   .                        (gloves unavailable)
Will    ++++.                    (boots unavailable) Stlth *****+++++
                                 w - amulet of reflection
HPRegen 0.35/turn                Z - ring of Ompewu Jelim {rF+ Dex+6}
MPRegen 0.26/turn                R - ring of flight

@: about to teleport, flying, wreathed by umbra, studying Short Blades, very
quick
A: very small, no large weapons, unfitting armour, see invisible, speed 3
}: 1/15 runes: barnacled
a: Renounce Religion, Shadow Step, Shadow Form


You were on level 1 of the Elven Halls.
You worshipped Dithmenos.
Dithmenos was exalted by your worship.
You visited 6 branches of the dungeon, and saw 31 of its levels.
You also visited: Bailey.

You collected 3215 gold pieces.
You spent 1176 gold pieces at shops.


Innate Abilities, Weirdness & Mutations

You are very small and have problems with some larger weapons.
You are too small for most types of armour.
You have supernaturally acute eyesight. (SInv)
You cover ground extremely quickly. (Speed+++)


   Skills:
 - Level 9.0 Fighting
 - Level 7.0 Short Blades
 - Level 19.0 Dodging
 - Level 20.0 Stealth
 - Level 3.0 Shields
 - Level 16.0 Spellcasting
 + Level 14.0 Hexes
 - Level 10.0 Transmutations
 - Level 16.0 Earth Magic
 - Level 4.0 Invocations


You had 31 spell levels left.
You knew the following spells:

 Your Spells              Type           Power      Damage    Failure   Level
a - Sandblast             Erth           100%       2d20      0%          1
b - Passwall              Tmut/Erth      54%        N/A       1%          2
c - Stone Arrow           Conj/Erth      100%       3d13      1%          3
d - Petrify               Tmut/Erth      65%        N/A       1%          4
e - Tukima's Dance        Hex            68%        N/A       1%          3
f - Yara's Violent Unrav  Hex/Tmut       31%        3d13      1%          5

Your spell library contained the following spells:

 Spells                   Type           Power      Damage    Failure   Level
 Slow                     Hex            100%       N/A       1%          1
 Ensorcelled Hibernation  Hex/Ice        96%        N/A       1%          2
 Confusing Touch          Hex            68%        N/A       1%          3
 Portal Projectile        Hex/Tloc       96%        N/A       1%          3
 Spider Form              Tmut/Pois      39%        N/A       2%          3
 Anguish                  Hex/Necr       24%        N/A       3%          4
 Fulminant Prism          Conj/Hex       24%        3d12      3%          4
 Blade Hands              Tmut           28%        N/A       3%          5
 Apportation              Tloc           34%        N/A       7%          1
 Kiss of Death            Conj/Necr      68%        2d10      7%          1
 Magic Dart               Conj           68%        1d6       7%          1
 Necrotise                Necr           68%        1d7       7%          1
 Summon Small Mammal      Summ           68%        N/A       7%          1
 Borgnjor's Vile Clutch   Necr/Erth      25%        N/A       7%          5
 Cigotuvi's Dreadful Rot  Necr/Pois/Air  34%        N/A       10%         2
 Searing Ray              Conj           34%        2d5       10%         2
 Static Discharge         Conj/Air       34%        2-4/arc   10%         2
 Sublimation of Blood     Necr           17%        N/A       10%         2
 Summon Mana Viper        Hex/Summ       48%        N/A       11%         5
 Swiftness                Air            17%        N/A       21%         3
 Vampiric Draining        Necr           17%        2d7       21%         3
 Vhi's Electric Charge    Tloc/Air       34%        N/A       21%         3
 Alistair's Intoxication  Tmut/Pois      26%        N/A       24%         5
 Irradiate                Conj/Tmut      19%        3d18      24%         5
 Dispel Undead            Necr           17%        3d10      54%         4
 Manifold Assault         Tloc           17%        N/A       54%         4
 Passage of Golubria      Tloc           17%        N/A       54%         4
 Eringya's Noxious Bog    Tmut/Pois      19%        N/A       78%         6
 Arcjolt                  Conj/Air       8%         1d18      88%         5
 Lightning Bolt           Conj/Air       8%         1d21      88%         5
 Summon Forest            Summ/Tloc      8%         N/A       88%         5
 Death Channel            Necr           8%         N/A       100%        6
 Dispersal                Tloc           8%         N/A       100%        6
 Summon Cactus Giant      Summ           8%         N/A       100%        6
 Disjunction              Tloc           8%         N/A       100%        8
 Maxwell's Capacitive Co  Air            8%         ∞         100%        8

Inventory:

Hand Weapons
 a - a +8 rapier of electrocution (weapon) {short}
   (You bought it in a shop on level 2 of the Orcish Mines)
Missiles
 p - 6 silver boomerangs {throwing}
 t - a curare-tipped dart {=fthrowing}
 F - 20 boomerangs {throwing}
 U - 5 throwing nets {=f!fthrowing}
Armour
 n - a +1 buckler of protection (worn)
   (You took it off a tengu warrior on level 13 of the Dungeon)
 z - a +2 cloak of willpower (worn)
   (You took it off Crazy Yiuf on level 4 of the Dungeon)
 N - +4 steam dragon scales (worn)
   (You found it on level 7 of the Dungeon)
Magical Staves
 A - a staff of earth {!astaff}
   (You found it on level 4 of the Shoals)
Jewellery
 c - a ring of poison resistance
   (You found it on level 1 of the Shoals)
 s - the ring "Ogeu" {Will+ Dex+3}
   (You bought it in a shop on level 12 of the Dungeon)

   [ring of willpower]

   Dex:       It affects your dexterity (+3).
   Will:      It increases your willpower.
 w - an amulet of reflection (around neck)
   (You found it on level 5 of the Dungeon)
 y - an amulet of regeneration {@e2}
   (You found it on level 3 of the Dungeon)
 E - a ring of wizardry
   (You found it on level 6 of the Dungeon)
 H - a ring of positive energy
   (You found it on level 6 of the Dungeon)
 R - a ring of flight (right hand)
   (You found it on level 7 of the Dungeon)
 V - a ring of ice
   (You found it on level 1 of the Lair of Beasts)
 Z - the ring of Ompewu Jelim (left hand) {rF+ Dex+6}
   (You found it on level 2 of the Lair of Beasts)

   [ring of dexterity]

   Dex:       It affects your dexterity (+6).
   rF:        It protects you from fire.
Wands
 i - a wand of light (6)
   (You found it on level 5 of the Lair of Beasts)
 v - a wand of paralysis (56)
   (You found it on level 3 of the Dungeon)
 I - a wand of mindburst (29)
   (You found it on level 6 of the Dungeon)
 K - a wand of digging (5)
   (You took it off Sigmund on level 6 of the Dungeon)
 P - a wand of iceblast (9)
   (You found it on level 7 of the Dungeon)
 Q - a wand of flame (22)
   (You found it on level 10 of the Dungeon)
 W - a wand of polymorph (4)
   (You found it on level 2 of the Spider Nest)
Scrolls
 d - 6 scrolls of fear
 e - 3 scrolls of vulnerability {!r!r}
 k - 8 scrolls of identify {@r1}
 l - 5 scrolls of blinking {!r}
 m - 14 scrolls of teleportation {@r4}
 o - 4 scrolls of poison {!r}
 u - 2 scrolls of torment {!r}
 C - 3 scrolls of amnesia
 J - 7 scrolls of immolation {!r!r}
 M - 2 scrolls of silence {!r}
 Y - 8 scrolls of fog
Potions
 b - 4 potions of magic
 g - 5 potions of resistance
 h - 4 potions of lignification {!q}
 j - 2 potions of berserk rage {!q}
 q - 8 potions of brilliance
 r - 8 potions of curing {@q1}
 x - 8 potions of ambrosia
 B - 11 potions of mutation {!q}
 D - 5 potions of might
 G - a potion of flight
 L - 6 potions of heal wounds {@q2}
 S - 6 potions of attraction {!q}
 T - 2 potions of cancellation
 X - 3 potions of haste {@q3}
Miscellaneous
 f - a phial of floods
   (You found it on level 3 of the Shoals)
 O - a tin of tremorstones (2/2) {throwing}
   (You found it on level 13 of the Dungeon)

Dungeon Overview and Level Annotations

Branches:
Dungeon (15/15) Zot: 25473  Temple (0/1) D:5            Lair (5/5) D:10 Zot: 23036
 Shoals (4/4) Lair:3 Zot: 17724  Spider (4/4) Lair:2 Zot: 16588   Slime (0/5) Lair:5
    Orc (2/2) D:11 Zot: 9830     Elf (1/3) Orc:2 Zot: 5986  Vaults (0/5) D:13
 Depths (0/4) D:15         Bailey (visited)

Altars:
Dithmenos
Nemelex Xobeh
Okawaru
Qazlal
Sif Muna
Trog
Wu Jian
Yredelemnul
Jiyva

Shops:
D:2 (   D:7 :?[   D:9 [   D:12 =   Orc:1 ?   Orc:2 (!:*   Shoals:3 :

Portals:
Trove: D:12 (give 2 scrolls of acquirement)

Annotations:
D:15 4 transporters
Lair:1 1 runed translucent door, Zuagil's ghost, journeyman DrCj
Lair:3 3 runed translucent doors, FallingFreak's ghost, journeyman AtWr
Shoals:4 Bai Suzhen; Mara
Spider:2 Roxanne
Spider:3 1 runed translucent door, NinjaNoafa's ghost, adept DjCj
Spider:4 1 runed translucent door, exclusion: 3 doors, Oxoag's ghost, adept GnFi

+.. .. ..
#####+#..+#..
##..........#..
#............e#
...#.e...#....##
..##....(##(.#.##
....e!§.e.(..((E##
....§≈≈≈>...§###@#
...e§§8≈§(§§.#
##'#
e.eeE§§§§((§.# ...
....§§§§§§§§.#
.....
..##.e(.§##§.#
^......
...#.e.E(#...#
.......
..e..E.e.......
.......
##....e....#####
##...##
###########


You could see a deep elf zephyrmancer, an air elemental and 4 dancing weapons.


Message History

The stunning burst hits you.
The deep elf pyromancer gestures wildly while chanting.
The deep elf pyromancer blinks!
The deep elf pyromancer hits you but does no damage.
The deep elf zephyrmancer barely misses you.
The deep elf pyromancer gestures wildly while chanting.
The deep elf pyromancer blinks!
The +1 heavy trident hits you but does no damage.
The deep elf archer shoots an arrow.
The arrow hits you.
* * * LOW HITPOINT WARNING * * *
The +4 long sword of holy wrath completely misses you.
You can move again.
As you read the scroll of fear, it crumbles to dust.
You assume a fearsome visage.
The deep elf knight looks frightened!
The +1 vampiric glaive is unaffected.
The air elemental is unaffected.
The +1 heavy trident is unaffected.
The deep elf archer looks frightened!
The +3 war axe of freezing is unaffected.
The deep elf pyromancer looks frightened!
The +2 mace of venom is unaffected.
The deep elf pyromancer looks frightened!
The deep elf zephyrmancer looks frightened! x2
The deep elf pyromancer looks frightened!
The water elemental is unaffected.
The deep elf archer looks frightened!
The deep elf zephyrmancer looks frightened!
The +3 scimitar of holy wrath is unaffected.
The air elemental is unaffected.
The +4 long sword of holy wrath is unaffected.
The +0 hand axe of venom is unaffected.
The +2 dire flail of draining is unaffected.
You block the air elemental's attack. The air elemental misses you.
The +1 vampiric glaive misses you. The air elemental misses you.
The air elemental hits you but does no damage.
The +4 long sword of holy wrath completely misses you.
The deep elf pyromancer casts a spell.
The deep elf pyromancer blinks!
The deep elf pyromancer enters a dispersal trap!
The +1 heavy trident blinks!
The +1 vampiric glaive blinks!
The deep elf knight blinks!
The +1 vampiric glaive blinks!
The deep elf archer blinks!
The deep elf pyromancer blinks!
The air elemental blinks!
The deep elf zephyrmancer blinks!
The +2 mace of venom blinks!
The +2 dire flail of draining blinks!
The +3 war axe of freezing blinks!
The deep elf pyromancer blinks!
The deep elf zephyrmancer blinks!
The deep elf knight casts a spell.
The deep elf knight flickers and vanishes for a moment.
The deep elf pyromancer casts a spell.
The deep elf pyromancer blinks!
The deep elf zephyrmancer casts a spell.
The deep elf zephyrmancer blinks!
The deep elf zephyrmancer mumbles some strange words.
The deep elf zephyrmancer blinks!
The deep elf pyromancer gestures wildly while chanting.
The deep elf pyromancer blinks!
The deep elf zephyrmancer mumbles some strange words.
The deep elf zephyrmancer blinks!
The deep elf archer casts a spell.
The deep elf archer blinks!
The air elemental completely misses you.
The air elemental fires a burst of electricity at you.
The stunning burst hits the +3 scimitar of holy wrath.
The +3 scimitar of holy wrath completely resists.
The stunning burst hits the +4 long sword of holy wrath.
The +4 long sword of holy wrath completely resists.
The stunning burst hits you!
You shrug off the repeated paralysis!
* * * LOW HITPOINT WARNING * * *
Really read
l - 6 scrolls of blinking {!r}?
Blink to where?
Press: ? - help, Dir - move target A deep elf zephyrmancer comes into view.
It is wielding a +0 rapier.
As you read the scroll of blinking {!r}, it crumbles to dust.
The deep elf zephyrmancer moves out of view.
Unknown command.
The air elemental fires a burst of electricity at you.
The stunning burst hits the +1 vampiric glaive but does no damage.
The stunning burst hits you but does no damage.
You shrug off the repeated paralysis!
The deep elf pyromancer points at you and mumbles some strange words.
The bolt of fire hits the +2 dire flail of draining.
The +2 dire flail of draining resists.
The bolt of fire misses you.
The deep elf knight enters a dispersal trap!
The deep elf pyromancer blinks!
The +2 dire flail of draining blinks!
The air elemental blinks!
The +1 vampiric glaive blinks!
The +2 mace of venom blinks!
The +4 long sword of holy wrath blinks!
You see here a wand of iceblast (3).
As you read the scroll of teleportation {@r4}, it crumbles to dust.
You feel strangely unstable.
The air elemental fires a burst of electricity at you.
The stunning burst hits you!
You suddenly lose the ability to move!
* * * LOW HITPOINT WARNING * * *
You can move again.
Unknown command.
You reach down and open the door.
The deep elf zephyrmancer gestures at you while chanting.
The bolt of lightning hits the air elemental.
The air elemental completely resists.
The bolt of lightning misses you. The bolt of lightning hits you!!
You die...

Skill      XL: |  1  2  3  4  5  6  7  8  9 10 11 12 13 14 15 16 17 18 |
---------------+-------------------------------------------------------+-----
Spellcasting   | 3 4 5 6 8 9 11 13 15 16 | 16.0
Earth Magic    | 3 4 5 6 8 9 10 11 13 14 15 16 | 16.0
Short Blades   | 1 2 3 4 7 |  7.0
Stealth        | 4 5 6 8 10 13 18 19 20 | 20.0
Shields        | 3 |  3.0
Dodging        | 4 8 11 15 16 17 19 | 19.0
Fighting       | 2 4 5 6 8 9 |  9.0
Transmutations | 4 5 8 10 | 10.0
Invocations    | 1 4 |  4.0
Hexes          | 5 8 11 14 | 14.0

Action                     |  1- 3 |  4- 6 |  7- 9 | 10-12 | 13-15 | 16-18 || total
---------------------------+-------+-------+-------+-------+-------+-------++-------
  Melee: Dagger            |    18 |    44 |    78 |    77 |       |       ||   217
         Punch             |       |     2 |     2 |     1 |       |       ||     5
         Short sword       |       |       |       |   111 |   283 |       ||   394
         Rapier            |       |       |       |       |   310 |   799 ||  1109
  Throw: Dart              |       |       |     2 |       |       |       ||     2
   Cast: Sandblast         |    52 |    88 |   151 |   229 |   226 |    12 ||   758
         Passwall          |     5 |     4 |     4 |    10 |    23 |    37 ||    83
         Stone Arrow       |       |       |     2 |    16 |    91 |    79 ||   188
         Petrify           |       |       |       |    27 |    96 |   303 ||   426
         Tukima's Dance    |       |       |       |       |     1 |    27 ||    28
         Yara's Violent Un |       |       |       |       |       |    13 ||    13
 Invoke: Shadow Step       |       |       |       |       |     1 |     3 ||     4
  Evoke: Wand              |       |       |       |       |     2 |       ||     2
    Use: Scroll            |       |    12 |     9 |     8 |    15 |     8 ||    52
         Potion            |       |       |       |     2 |     2 |     3 ||     7
   Stab: Sleeping          |     8 |    12 |    18 |    63 |   103 |   119 ||   323
         Petrified         |       |       |       |    11 |    48 |   123 ||   182
         Petrifying        |       |       |       |     4 |    47 |   124 ||   175
         Distracted        |       |       |       |       |     3 |     6 ||     9
         Fleeing           |       |       |       |       |     1 |       ||     1
         Held in net/web   |       |       |       |       |       |     1 ||     1
 Armour: Robe              |     8 |    13 |    11 |       |       |       ||    32
         Steam dragon scal |       |       |    15 |    71 |    52 |    60 ||   198
         Swamp dragon scal |       |       |       |       |       |    87 ||    87
  Dodge: Dodged            |    35 |    90 |    92 |   318 |   614 |  1097 ||  2246
  Block: Other             |       |       |    30 |    28 |       |       ||    58
         Reflection        |       |       |       |    13 |    16 |    40 ||    69
         Buckler           |       |       |       |   193 |   458 |   710 ||  1361

Levels and vault maps discovered:
D:1:      minmay_arrival_wavy_path, layout_rooms,
          shapermc_ecumenical_altar_acropolis
D:2:      layout_basic, serial_shops, shop, minmay_lizard_pond, uniq_jessica
D:3:      kennysheep_six_static_rooms, layout_rooms,
          nicolae_dithmenos_the_darkroom, grunt_ministairs_1
D:4:      layout_gridville, uniq_crazy_yiuf_cottage
D:5:      layout_basic, minmay_temple_entry_glass
D:6:      layout_cave_pods, led_sif_pool, uniq_sigmund, uniq_pikel
D:7:      layout_cave_pools, serial_shops, shop, shop, shop,
          kennysheep_generic_room_9
D:8:      layout_basic, chequers_temple_overflow_statue_of_worship,
          enter_bailey_3, minmay_chambers_of_fives, uniq_joseph
D:9:      layout_irregular_city, mainiacjoe_overflow_alcove_1,
          mainiacjoe_overflow_catch_the_wave, serial_shops,
          kennysheep_mini_moat, minmay_stone_trees_small
D:10:     layout_stronghold, erik_lair_island, st_stairs_9
D:11:     layout_gridville, orc_0_dummy
D:12:     layout_basic, serial_shops, shop, enter_trove_5
D:13:     layout_loops_ring, hangedman_vaults_entry_quadrant_bands, uniq_azrael,
          uniq_jorgrun
D:14:     layout_roguey, minmay_misc_feat_ornament
D:15:     grunt_enter_depths_magical_seal, layout_irregular_city,
          nicolae_diode_intersection
Lair:1:   layout_roguey, ebering_ghost_funeral_grove,
          infiniplex_staircase_pool_2, lemuel_fruit_tree
Lair:2:   beast_lair_carwin_large_4, layout_regular_city, spider_nest_entry_webs
Lair:3:   layout_roguey, nicolae_shoals_entry_flooding,
          ebering_ghost_rock_garden, serial_bayou_shore_b, grunt_megastairs_3
Lair:4:   nzn_winding_woodlands_stair_trap [nzn_winding_woodlands_5x15_twine,
          nzn_winding_woodlands_5x15_sidewinder,
          nzn_winding_woodlands_5x15_pockets,
          nzn_winding_woodlands_15x15_thick_spiral,
          nzn_winding_woodlands_5x15_sawtooth,
          nzn_winding_woodlands_5x15_concentric,
          nzn_winding_woodlands_5x15_garden], layout_gridlike, serial_rivers,
          chequers_serial_rivers_small_a, chequers_serial_rivers_micro_a,
          chequers_serial_rivers_micro_b, chequers_serial_rivers_small_a,
          evilmike_ambush [evilmike_ambush_outer_corners,
          evilmike_ambush_inner_pond]
Lair:5:   guppyfry_lair_end_dragon, layout_hall_layers,
          hangedman_lair_tendril_chambers, slime_entry_1
Shoals:1: layout_shoals, nicolae_shoals_siren_and_animal_friends
Shoals:2: layout_shoals, ebering_ghost_reflecting_pool, uniq_polyphemus
Shoals:3: layout_shoals, serial_shops, shop_statue,
          nicolae_shoals_nautilus_by_nature, uniq_ilsuiw
Shoals:4: shoals_end_hellmonk_lost_city, uniq_mara, uniq_bai_suzhen
Spider:1: nicolae_spider_mines_3, nicolae_spider_not_touching_you, uniq_louise
Spider:2: layout_spider_delve, uniq_arachne, uniq_roxanne
Spider:3: layout_cave_pods, hellmonk_ghost_happy_afterlife, special_room
          [special_room_bee], uniq_kirke
Spider:4: spider_rune_water, gammafunk_ghost_grave, nicolae_spider_circle_web
Orc:1:    layout_caves, serial_shops, nicolae_shop_trees,
          nicolae_orc_pool_cavern, uniq_harold, uniq_nergalle
Orc:2:    st_orc_ogre_mass, layout_diamond_mine, uniq_rupert, uniq_erolcha,
          uniq_nessos
Elf:1:    layout_geoelf_grid, serial_shops, nicolae_lakefront_shop,
          minmay_elf_annihilation, minivault_16, evilmike_ambush
          [evilmike_ambush_outer_corners, evilmike_ambush_inner_pond]

Notes
Turn   | Place    | Note
-------+----------+-------------------------------------------
     0 | D:1      | Sobieck the Spriggan Earth Elementalist began the quest for
                  | the Orb.
     0 | D:1      | Reached XP level 1. HP: 9/9 MP: 5/5
   121 | D:1      | Reached skill level 3 in Spellcasting
   157 | D:1      | Reached XP level 2. HP: 13/13 MP: 5/7
   285 | D:1      | Found a faded altar of an unknown god.
   369 | D:1      | Reached skill level 3 in Earth Magic
   824 | D:2      | Reached XP level 3. HP: 16/16 MP: 6/8
   827 | D:2      | Learned a level 2 spell: Passwall
   831 | D:2      | Learned a level 3 spell: Stone Arrow
   943 | D:2      | Reached skill level 1 in Short Blades
   972 | D:2      | Reached skill level 4 in Stealth
  1026 | D:2      | Found Gievihiv's Weapon Emporium.
  1127 | D:2      | Noticed Jessica
  1224 | D:2      | Reached XP level 4. HP: 19/21 MP: 3/10
  1580 | D:2      | Killed Jessica
  1584 | D:2      | You pick up a book of Debilitation and begin reading...
  1584 | D:2      | You add the spells Slow, Vampiric Draining and Confusing
                  | Touch to your library.
  1712 | D:2      | You add the spells Tukima's Dance, Passage of Golubria and
                  | Yara's Violent Unravelling to your library.
  1843 | D:3      | Reached skill level 4 in Spellcasting
  1909 | D:3      | Reached skill level 2 in Short Blades
  2021 | D:3      | Found a shadowy altar of Dithmenos.
  2026 | D:3      | Became a worshipper of Dithmenos the Shadowed
  2044 | D:3      | Reached XP level 5. HP: 18/24 MP: 9/12
  2184 | D:3      | Reached skill level 5 in Stealth
  2392 | D:3      | You pick up a book of Dreams and begin reading...
  2392 | D:3      | You add the spells Ensorcelled Hibernation, Spider Form and
                  | Anguish to your library.
  2837 | D:4      | Noticed a black bear
  2877 | D:4      | Killed a black bear
  2878 | D:4      | Reached skill level 4 in Earth Magic
  2878 | D:4      | Reached XP level 6. HP: 28/28 MP: 6/14
  2880 | D:4      | Reached * piety under Dithmenos
  2959 | D:4      | Reached skill level 3 in Short Blades
  3061 | D:4      | Reached skill level 6 in Stealth
  3061 | D:4      | Reached skill level 5 in Spellcasting
  3144 | D:4      | You fall into a shaft and drop 1 floor!
  3144 | D:5      | Entered Level 5 of the Dungeon
  3373 | D:5      | Reached XP level 7. HP: 32/32 MP: 9/15
  3476 | D:4      | You pick up a book of Conjurations {@e2} and begin
                  | reading...
  3476 | D:4      | You add the spells Magic Dart, Searing Ray and Fulminant
                  | Prism to your library.
  3652 | D:4      | Found a runed translucent door.
  3653 | D:4      | Noticed Crazy Yiuf
  4005 | D:4      | Killed Crazy Yiuf
  4099 | D:5      | Reached skill level 4 in Short Blades
  4099 | D:5      | Reached skill level 7 in Stealth
  4216 | D:5      | Found a staircase to the Ecumenical Temple.
  4260 | D:5      | Reached skill level 6 in Spellcasting
  4261 | D:5      | Reached ** piety under Dithmenos
  4262 | D:5      | Reached skill level 5 in Earth Magic
  4543 | D:5      | Reached skill level 8 in Stealth
  4617 | D:5      | Reached XP level 8. HP: 36/36 MP: 18/18
  4939 | D:6      | HP: 9/36 [poisoned by a killer bee]
  5092 | D:6      | Found a shimmering blue altar of Sif Muna.
  5123 | D:6      | Noticed Pikel
  5230 | D:5      | Killed Pikel
  5231 | D:5      | Reached skill level 9 in Stealth
  5231 | D:5      | Reached skill level 7 in Spellcasting
  5231 | D:5      | Reached skill level 6 in Earth Magic
  5449 | D:6      | Reached skill level 10 in Stealth
  5542 | D:6      | Reached skill level 8 in Spellcasting
  5613 | D:6      | HP: 9/36 [ogre/+0 giant spiked club (27)]
  5849 | D:6      | Reached XP level 9. HP: 39/39 MP: 22/22
  5997 | D:6      | Noticed Sigmund
  6035 | D:6      | Killed Sigmund
  6229 | D:7      | Found Vehaejuq's Magic Scroll Shop.
  6252 | D:7      | Bought a scroll of blinking for 105 gold pieces
  6351 | D:7      | Reached skill level 11 in Stealth
  6377 | D:7      | Found Weesui's Book Shop.
  6460 | D:6      | Reached skill level 7 in Earth Magic
  6602 | D:6      | Reached skill level 9 in Spellcasting
  6621 | D:6      | Learned a level 4 spell: Petrify
  6822 | D:7      | Found Hissid's Armour Emporium.
  6829 | D:7      | You pick up a book of Weapons and begin reading...
  6829 | D:7      | You add the spells Portal Projectile and Blade Hands to
                  | your library.
  7108 | D:8      | Reached skill level 12 in Stealth
  7225 | D:8      | Found a flagged portal.
  7235 | Bailey   | Entered a bailey
  7314 | Bailey   | Reached skill level 8 in Earth Magic
  7318 | Bailey   | Reached skill level 13 in Stealth
  7451 | Bailey   | Reached *** piety under Dithmenos
  7452 | Bailey   | Reached XP level 10. HP: 44/44 MP: 24/24
  7632 | Bailey   | Noticed a vault guard
  7681 | Bailey   | HP: 10/44 [vault guard/+0 broad axe (19)]
  7689 | Bailey   | Killed a vault guard
  7690 | Bailey   | Reached skill level 14 in Stealth
  7690 | Bailey   | Reached skill level 9 in Earth Magic
  7860 | Bailey   | Noticed a vault guard
  7860 | Bailey   | Noticed Prince Ribbit
  7886 | Bailey   | HP: 10/44 [vault guard/+0 broad axe (6)]
  7887 | Bailey   | Killed Prince Ribbit
  7907 | Bailey   | Killed a vault guard
  7908 | Bailey   | Reached skill level 15 in Stealth
  8095 | Bailey   | Reached skill level 16 in Stealth
  8154 | D:8      | Noticed Joseph
  8284 | D:8      | HP: 9/41 [Joseph/sling bullet (17)]
  8421 | D:8      | Killed Joseph
  8476 | D:8      | Noticed a two-headed ogre
  8511 | D:8      | Killed a two-headed ogre
  8512 | D:8      | Reached skill level 17 in Stealth
  8579 | D:8      | Reached skill level 18 in Stealth
  8579 | D:8      | Reached XP level 11. HP: 37/47 MP: 22/25
  8965 | D:8      | Found a stormy altar of Qazlal.
  8966 | D:8      | Found a basalt altar of Yredelemnul.
  8967 | D:8      | Found an ornate altar of the Wu Jian Council.
  9477 | D:8      | Reached skill level 1 in Shields
  9551 | D:9      | Reached **** piety under Dithmenos
  9865 | D:9      | Found a sparkling altar of Nemelex Xobeh.
  9901 | D:9      | Reached skill level 2 in Shields
 10157 | D:9      | HP: 6/47 [gnoll/iceblast[a gnoll sergeant] (10)]
 10477 | D:9      | HP: 11/47 [poisoned by a killer bee]
 10668 | D:9      | Found Kakih's Antique Armour Emporium.
 10671 | D:9      | Bought a glowing buckler for 232 gold pieces
 10800 | D:9      | Found an iron altar of Okawaru.
 10891 | D:9      | Found a bloodstained altar of Trog.
 10951 | D:10     | Entered Level 10 of the Dungeon
 10972 | D:10     | Found a staircase to the Lair.
 10997 | D:10     | Reached skill level 3 in Shields
 11166 | D:10     | Reached skill level 19 in Stealth
 11357 | D:10     | Reached skill level 3 in Dodging
 11377 | D:10     | Reached ***** piety under Dithmenos
 11433 | D:10     | Reached skill level 1 in Fighting
 11605 | D:10     | Reached skill level 2 in Transmutations
 12173 | D:11     | Noticed a two-headed ogre
 12182 | D:11     | Killed a two-headed ogre
 12183 | D:11     | Reached skill level 4 in Dodging
 12219 | D:11     | Reached skill level 3 in Transmutations
 12369 | D:11     | Reached skill level 2 in Fighting
 12531 | D:11     | Found a staircase to the Orcish Mines.
 13016 | D:12     | Reached skill level 4 in Transmutations
 13016 | D:12     | Reached XP level 12. HP: 56/56 MP: 26/26
 13036 | D:12     | Reached skill level 5 in Dodging
 13357 | D:12     | Reached skill level 10 in Spellcasting
 13418 | D:12     | You pick up a book of Lightning and begin reading...
 13418 | D:12     | You add the spells Static Discharge, Vhi's Electric Charge,
                  | Lightning Bolt and Arcjolt to your library.
 13419 | D:12     | Noticed a vault guard
 13422 | D:12     | Killed a vault guard
 13423 | D:12     | Reached skill level 3 in Fighting
 13425 | D:12     | Found a portal to a secret trove of treasure.
 13429 | D:12     | This trove needs 2 scrolls of acquirement to function. Give
                  | it the items?
 13529 | D:12     | Found Mastrip's Jewellery Shop.
 13555 | D:12     | Reached skill level 5 in Transmutations
 13637 | D:12     | Bought the ring "Ogeu" {Will+ Dex+3} for 383 gold pieces
 13856 | D:13     | Noticed a centaur warrior
 13857 | D:13     | Noticed Azrael
 13859 | D:13     | Reached skill level 6 in Dodging
 13860 | D:13     | Killed Azrael
 13861 | D:13     | Reached skill level 20 in Stealth
 14152 | Lair:1   | Entered Level 1 of the Lair of Beasts
 14178 | Lair:1   | Reached skill level 10 in Earth Magic
 14397 | Lair:1   | Reached skill level 4 in Fighting
 14397 | Lair:1   | Reached skill level 7 in Dodging
 14408 | Lair:1   | Found a runed translucent door.
 14412 | Lair:1   | Identified the +6 spear of Ghostly Defence {freeze, Int+2
                  | Dex+3}
 14414 | Lair:1   | Noticed Zuagil's ghost (journeyman DrCj)
 14819 | Lair:1   | You pick up a book of Alchemy and begin reading...
 14819 | Lair:1   | You add the spells Sublimation of Blood and Irradiate to
                  | your library.
 14905 | Lair:2   | Reached skill level 11 in Spellcasting
 15036 | Lair:2   | Found a hole to the Spider Nest.
 15095 | Lair:2   | Identified the ring of Ompewu Jelim {rF+ Dex+6}
 15149 | Lair:2   | Reached ****** piety under Dithmenos
 15188 | Lair:2   | Reached skill level 8 in Dodging
 15301 | Lair:2   | Reached XP level 13. HP: 63/63 MP: 21/29
 15642 | Lair:2   | Reached skill level 5 in Fighting
 16559 | Lair:3   | Reached skill level 9 in Dodging
 16680 | Lair:3   | HP: 15/63 [water nymph/the raging water (27)]
 16867 | Lair:3   | Reached skill level 12 in Spellcasting
 16989 | Lair:3   | Reached skill level 11 in Earth Magic
 17151 | Lair:3   | You fall into a shaft and drop 2 floors!
 17151 | Lair:5   | Entered Level 5 of the Lair of Beasts
 17212 | Lair:5   | Noticed a fire dragon
 17347 | Lair:4   | Reached skill level 10 in Dodging
 17538 | Lair:3   | You add the spells Cigotuvi's Dreadful Rot, Swiftness and
                  | Maxwell's Capacitive Coupling to your library.
 17538 | Lair:3   | Got the Volume of Ceraunoscopy
 17626 | Lair:3   | Found a runed translucent gate.
 17627 | Lair:3   | Found a runed translucent gate.
 17628 | Lair:3   | Found a runed translucent gate.
 17631 | Lair:3   | Noticed FallingFreak's ghost (journeyman AtWr)
 18118 | Lair:4   | Reached skill level 13 in Spellcasting
 18467 | Lair:4   | Reached skill level 11 in Dodging
 19389 | Lair:5   | Reached XP level 14. HP: 68/68 MP: 20/32
 19442 | Lair:5   | Reached skill level 12 in Earth Magic
 19843 | Lair:5   | Upgraded the game from 0.30-a0-881-g1ff12e1e11 to
                  | 0.30-a0-883-g5ad918d77d
 19919 | Lair:5   | Reached skill level 12 in Dodging
 20071 | Lair:5   | Reached skill level 14 in Spellcasting
 20740 | Lair:5   | You pick up a book of the Wilderness and begin reading...
 20740 | Lair:5   | You add the spells Summon Forest, Summon Mana Viper and
                  | Summon Cactus Giant to your library.
 21000 | Lair:5   | Found a viscous altar of Jiyva.
 21001 | Lair:5   | Found a staircase to the Slime Pits.
 21072 | Lair:5   | You pick up a book of Alchemy and begin reading...
 21488 | Lair:5   | Reached skill level 13 in Dodging
 22030 | Orc:1    | Entered Level 1 of the Orcish Mines
 22030 | Orc:1    | Noticed Nergalle
 22035 | Orc:1    | Killed Nergalle
 22122 | Orc:1    | Noticed Harold
 22162 | Orc:1    | Killed Harold
 22511 | Orc:1    | Found Lene's Magic Scroll Boutique.
 22839 | Orc:2    | Entered Level 2 of the Orcish Mines
 22895 | Orc:2    | Noticed Erolcha
 22903 | Orc:2    | Killed Erolcha
 22904 | Orc:2    | Reached skill level 15 in Spellcasting
 22904 | Orc:2    | Reached skill level 13 in Earth Magic
 23043 | Orc:2    | Noticed Nessos
 23053 | Orc:2    | Killed Nessos
 23054 | Orc:2    | Reached skill level 14 in Dodging
 23121 | Orc:2    | Noticed Rupert
 23130 | Orc:2    | Killed Rupert
 23537 | Orc:2    | Found Acifenwinni's Book Shoppe.
 23537 | Orc:2    | Found Huyjaiko's Assorted Antiques.
 23557 | Orc:2    | Reached skill level 15 in Dodging
 23752 | Orc:2    | Reached skill level 1 in Invocations
 23755 | Orc:2    | Reached XP level 15. HP: 72/72 MP: 9/35
 24248 | Orc:2    | Found Ihonips's Distillery.
 24248 | Orc:2    | Found Dewunn's Antique Weapon Shop.
 24252 | Orc:2    | Reached skill level 2 in Invocations
 24261 | Orc:2    | Bought a runed rapier for 168 gold pieces
 24264 | Orc:2    | Bought a scroll of identify for 54 gold pieces
 24264 | Orc:2    | Bought a scroll of identify for 54 gold pieces
 24277 | Orc:2    | Learned a level 3 spell: Tukima's Dance
 24346 | Orc:2    | Reached skill level 1 in Hexes
 24564 | Orc:2    | Found a staircase to the Elven Halls.
 24757 | Orc:1    | Bought a scroll of enchant weapon for 90 gold pieces
 24757 | Orc:1    | Bought a scroll of enchant weapon for 90 gold pieces
 24826 | D:13     | Noticed Jorgrun
 25034 | D:13     | Killed Jorgrun
 25078 | D:13     | Reached skill level 2 in Hexes
 25178 | D:13     | Reached skill level 3 in Invocations
 25829 | D:13     | Found a gate to the Vaults.
 25877 | D:13     | Reached skill level 3 in Hexes
 25906 | D:13     | Reached skill level 5 in Short Blades
 26475 | D:14     | Reached skill level 6 in Short Blades
 26490 | D:14     | Reached skill level 6 in Fighting
 26839 | D:14     | Reached skill level 7 in Short Blades
 26839 | D:14     | Reached skill level 4 in Invocations
 26864 | D:14     | Reached skill level 4 in Hexes
 27257 | D:15     | Entered Level 15 of the Dungeon
 27338 | D:15     | Found a transporter.
 27350 | D:15     | Found a transporter.
 27382 | D:15     | Found a transporter.
 27434 | D:15     | Found a transporter.
 27562 | D:15     | Identified the +0 leather armour "Dieff" {Rampage rN+
                  | Int-5}
 27566 | D:15     | Reached skill level 16 in Dodging
 27901 | D:14     | Reached skill level 16 in Spellcasting
 28053 | D:15     | Reached skill level 5 in Hexes
 28053 | D:15     | Reached XP level 16. HP: 79/79 MP: 37/37
 28510 | D:15     | Found a staircase to the Depths.
 29334 | Spider:1 | Entered Level 1 of the Spider Nest
 29643 | Spider:1 | Reached skill level 6 in Hexes
 29777 | Spider:1 | Reached skill level 7 in Fighting
 29867 | Spider:1 | Reached skill level 14 in Earth Magic
 30078 | Spider:1 | Noticed Louise
 30084 | Spider:1 | Killed Louise
 31097 | Spider:1 | Reached skill level 7 in Hexes
 31205 | Spider:1 | Reached skill level 17 in Dodging
 31361 | Spider:2 | Noticed Arachne
 31378 | Spider:2 | HP: 20/80 [poisoned by Arachne (bolt of poison)]
 31383 | Spider:1 | HP: 12/80 [poisoned by Arachne (bolt of poison)]
 31621 | Spider:2 | Killed Arachne
 31667 | Spider:2 | Identified Roxanne's Volume of Reformation
 31667 | Spider:2 | Noticed Roxanne
 31975 | Spider:2 | Identified the +7 rapier of the Fray {protect, Drain rC+++
                  | Str+5 Stlth-}
 32098 | Spider:1 | HP: 13/81 [poisoned by a redback]
 32561 | Spider:1 | HP: 20/81 [poisoned by a wolf spider]
 32566 | Spider:1 | HP: 17/81 [poisoned by a wolf spider]
 32973 | Spider:2 | Reached skill level 8 in Hexes
 33273 | Spider:1 | Reached skill level 8 in Fighting
 33632 | Spider:2 | You pick up a book of the Warp and begin reading...
 33632 | Spider:2 | You add the spells Manifold Assault, Dispersal and
                  | Disjunction to your library.
 33662 | Spider:2 | You pick up a book of Cantrips and begin reading...
 33662 | Spider:2 | You add the spells Necrotise, Summon Small Mammal and
                  | Apportation to your library.
 34032 | Spider:3 | Noticed Kirke
 34034 | Spider:3 | Killed Kirke
 34614 | Spider:3 | Found a runed translucent door.
 34614 | Spider:3 | Noticed NinjaNoafa's ghost (adept DjCj)
 35702 | Spider:3 | Reached XP level 17. HP: 73/86 MP: 8/38
 35896 | Spider:4 | Entered Level 4 of the Spider Nest
 36143 | Spider:3 | Reached skill level 9 in Hexes
 36474 | Spider:3 | HP: 21/86 [demonic crawler (11)]
 36806 | Spider:3 | Reached skill level 18 in Dodging
 37610 | Spider:4 | Found a runed translucent door.
 37612 | Spider:4 | Noticed Oxoag's ghost (adept GnFi)
 38190 | Spider:4 | Reached skill level 15 in Earth Magic
 38442 | Shoals:1 | Entered Level 1 of the Shoals
 38711 | Shoals:1 | Upgraded the game from 0.30-a0-883-g5ad918d77d to
                  | 0.30-a0-900-g23479c02f2
 38740 | Shoals:1 | Reached skill level 10 in Hexes
 38742 | Shoals:1 | Reached skill level 9 in Fighting
 39114 | Shoals:1 | Learned a level 5 spell: Yara's Violent Unravelling
 39569 | Shoals:1 | You pick up a book of Touch and begin reading...
 39569 | Shoals:1 | You add the spells Kiss of Death and Dispel Undead to your
                  | library.
 40414 | Shoals:2 | Found a runed translucent door.
 40418 | Shoals:2 | Noticed Busoho's ghost (adept MiFi)
 40458 | Shoals:2 | Noticed Polyphemus
 40930 | Shoals:1 | Reached skill level 6 in Transmutations
 42178 | Shoals:2 | Reached skill level 11 in Hexes
 42234 | Shoals:2 | Reached skill level 19 in Dodging
 42234 | Shoals:2 | Reached skill level 7 in Transmutations
 42442 | Shoals:2 | Killed Polyphemus
 42539 | Shoals:2 | Killed Busoho's ghost
 42644 | Shoals:3 | Noticed Ilsuiw
 42919 | Shoals:2 | Killed Ilsuiw
 43137 | Shoals:3 | You add the spells Alistair's Intoxication, Borgnjor's Vile
                  | Clutch and Eringya's Noxious Bog to your library.
 43348 | Shoals:3 | Found Ahal's Book Boutique.
 43639 | Shoals:3 | Reached skill level 8 in Transmutations
 43849 | Shoals:4 | Entered Level 4 of the Shoals
 43898 | Shoals:4 | Reached XP level 18. HP: 92/92 MP: 37/39
 44048 | Shoals:4 | Reached skill level 12 in Hexes
 44088 | Shoals:4 | Reached skill level 9 in Transmutations
 44340 | Shoals:4 | Identified the +7 halberd "Ginoloit" {freeze, rC+ Will+
                  | Int+3}
 44449 | Shoals:4 | Reached skill level 16 in Earth Magic
 44477 | Shoals:4 | You pick up a book of Decay and begin reading...
 44542 | Shoals:4 | Identified the +2 ring mail of Cynicism {rCorr Dex+4}
 45010 | Shoals:4 | Reached skill level 10 in Transmutations
 45368 | Shoals:4 | Reached skill level 13 in Hexes
 45797 | Shoals:4 | Noticed Mara
 45902 | Shoals:4 | Noticed Bai Suzhen
 46132 | Shoals:4 | Reached skill level 14 in Hexes
 46233 | Shoals:4 | Got a barnacled rune of Zot
 46499 | Elf:1    | Entered Level 1 of the Elven Halls
 46509 | Elf:1    | Paralysed by an air elemental for 1 turns
 46515 | Elf:1    | Paralysed by an air elemental for 1 turns
 46516 | Elf:1    | Killed from afar by a deep elf zephyrmancer

Vanquished Creatures
  Arachne (Spider:2)
  Jorgrun (D:13)
  Rupert (Orc:2)
  Polyphemus (Shoals:2)
  The ghost of Busoho the Hoplite, an adept MiFi of Okawaru (Shoals:2)
  Kirke (Spider:3)
  Ilsuiw (Shoals:2)
  3 emperor scorpions
  Louise (Spider:1)
  2 ghost moths
  2 broodmothers
  Nessos (Orc:2)
  A spark wasp (Spider:2)
  2 minotaurs
  Azrael (D:13)
  8 merfolk impalers
  3 entropy weavers
  A fire dragon (Lair:5)
  5 hydras
  Harold (Orc:1)
  3 vault guards
  Erolcha (Orc:2)
  A jorogumo (Spider:3)
  3 catoblepae
  5 ogre magi
  2 merfolk avatars
  2 alligator snapping turtles
  A death knight (D:13)
  A radroach (Spider:3)
  18 two-headed ogres
  6 satyrs (Shoals:4)
  4 tengu warriors
  6 centaur warriors
  5 boulder beetles
  3 death yaks
  Nergalle (Orc:1)
  A skeletal warrior (D:13)
  4 pharaoh ants
  A fire crab (Lair:4)
  3 skysharks
  11 sea snakes
  8 orb spiders
  6 steelbarb worms
  2 lindwurms (Lair:5)
  2 deep elf pyromancers
  2 wizards
  24 harpies
  A necromancer (D:14)
  Pikel (D:5)
  26 ugly things
  2 orc sorcerers (D:15)
  16 fauns
  21 wolf spiders
  22 manticores
  An oklob plant (Lair:3)
  5 moths of wrath
  11 cyclopes
  13 elephants
  3 centaur zombies (D:15)
  Joseph (D:8)
  8 water nymphs
  10 merfolk sirens
  A guardian serpent (Lair:5)
  5 torpor snails
  A naga mage (D:15)
  14 black mambas
  2 gargoyles
  13 cane toads
  16 demonic crawlers
  5 centaur skeletons
  2 rime drakes (Lair:5)
  3 kobold demonologists
  15 komodo dragons
  A redback zombie (D:15)
  2 tengu conjurers (D:14)
  A queen bee (Spider:3)
  3 burning bushes (Lair:4)
  6 meliai
  19 merfolk
  12 blink frogs
  6 polar bears
  10 trolls
  8 wind drakes
  4 hornets
  21 tarantellas
  Prince Ribbit (Bailey)
  10 snapping turtles
  11 dream sheep
  23 jumping spiders
  4 slime creatures (D:12)
  3 shadows (D:12)
  Sigmund (D:6)
  6 wraiths
  12 wyverns
  14 culicivoras
  20 yaks
  2 water elementals
  5 humans (Bailey)
  2 fire elementals (D:12)
  4 steam dragons
  11 vampire mosquitoes
  5 basilisks
  32 redbacks
  A warg (Orc:2)
  2 acid dragons
  2 hell hounds (D:13)
  19 water moccasins
  3 sky beasts
  5 black bears
  12 orc warriors
  32 ogres
  20 wolves
  11 centaurs
  2 phantoms
  7 kobold brigands
  28 bullfrogs
  2 gnoll sergeants
  4 scorpions
  6 wights
  43 killer bees
  3 howler monkeys
  7 electric eels
  9 hounds
  12 orc priests
  3 jellies
  2 gnoll boudas
  Crazy Yiuf (D:4)
  6 iguanas
  2 sleepcaps (D:6)
  Jessica (D:2)
  11 orc wizards
  19 gnolls
  15 adders
  2 shadow imps (D:8)
  2 worms
  2 dart slugs
  46 orcs
  10 bats
  7 endoplasms
  4 giant cockroaches
  14 goblins
  7 hobgoblins
  11 jackals
  3 quokkas
  4 ball pythons
  10 frilled lizards
  39 kobolds
  2 rats (D:1)
1094 creatures vanquished.

Vanquished Creatures (collateral kills)
  2 satyrs (Shoals:4)
  A swamp dragon (Lair:5)
  A faun (Shoals:4)
  A swamp drake (Lair:5)
5 creatures vanquished.

Vanquished Creatures (others)
  A satyr (Shoals:4)
  10 dancing weapons (Shoals:4)
  A basilisk (D:14)
  3 humans (Spider:3)
  2 iguanas (Lair:5)
  26 fungi
  60 plants
  2 withered plants (Spider:4)
105 creatures vanquished.

Grand Total: 1204 creatures vanquished

Table legend:
 A = Non-vault XP
 B = Vault XP
 C = Vault XP percentage of total XP
 D = Non-vault monster count
 E = Vault monster count
 F = Vault count percentage of total count
                 A         B        C        D         E       F
            +---------+---------+-------+---------+---------+-------
      Total |  211110 |  120697 |  36.4 |     767 |     336 |  30.5
            +---------+---------+-------+---------+---------+-------
        D:1 |      40 |       0 |   0.0 |      24 |       0 |   0.0
        D:2 |      73 |      43 |  37.1 |      26 |       7 |  21.2
        D:3 |      97 |      38 |  28.1 |      20 |       8 |  28.6
        D:4 |     451 |      40 |   8.1 |      19 |       1 |   5.0
        D:5 |     822 |     607 |  42.5 |      27 |       1 |   3.6
        D:6 |     822 |     214 |  20.7 |      18 |       1 |   5.3
        D:7 |     826 |     281 |  25.4 |      15 |       2 |  11.8
        D:8 |    1368 |    1557 |  53.2 |      13 |      10 |  43.5
        D:9 |    2336 |     111 |   4.5 |      48 |       1 |   2.0
       D:10 |    2777 |    1009 |  26.7 |      29 |       8 |  21.6
       D:11 |    3379 |       0 |   0.0 |      12 |       0 |   0.0
       D:12 |    4858 |    1232 |  20.2 |      19 |       3 |  13.6
       D:13 |    9249 |    9283 |  50.1 |      17 |      24 |  58.5
       D:14 |   20411 |     623 |   3.0 |      44 |       1 |   2.2
       D:15 |    4811 |    4482 |  48.2 |      13 |       9 |  40.9
     Lair:1 |    4007 |       0 |   0.0 |      15 |       0 |   0.0
     Lair:2 |    6574 |    2019 |  23.5 |      23 |      18 |  43.9
     Lair:3 |    6939 |    2119 |  23.4 |      17 |       8 |  32.0
     Lair:4 |    3892 |    9436 |  70.8 |      11 |      25 |  69.4
     Lair:5 |   10547 |   14152 |  57.3 |      28 |      48 |  63.2
   Shoals:1 |   11380 |    1861 |  14.1 |      25 |       4 |  13.8
   Shoals:2 |   18676 |    9484 |  33.7 |      41 |      10 |  19.6
   Shoals:3 |    6229 |    3216 |  34.0 |      13 |       5 |  27.8
   Shoals:4 |   21320 |   18625 |  46.6 |      42 |      29 |  40.8
   Spider:1 |   20478 |    6685 |  24.6 |      56 |      15 |  21.1
   Spider:2 |   15894 |    2002 |  11.2 |      37 |       1 |   2.6
   Spider:3 |   16900 |    3772 |  18.2 |      35 |      25 |  41.7
   Spider:4 |   10280 |    1425 |  12.2 |      23 |       2 |   8.0
      Orc:1 |    2954 |    3777 |  56.1 |      20 |       8 |  28.6
      Orc:2 |    2720 |   18380 |  87.1 |      37 |      36 |  49.3
     Bailey |       0 |    4224 | 100.0 |       0 |      26 | 100.0
            +---------+---------+-------+---------+---------+-------

Illustrated notes

Table legend:
 A = Kills in this place as a percentage of kills in the entire game.
 B = Kills by you in this place as a percentage of kills by you in the entire game.
 C = Kills by friends in this place as a percentage of kills by friends in the entire game.
 D = Other kills in this place as a percentage of other kills in the entire game.
 E = Experience gained in this place as a percentage of experience gained in the entire game.
 F = Experience gained in this place divided by the number of levels of this place that you have seen.
                   A       B       C       D       E      F
               +-------+-------+-------+-------+-------+----------------------
         Total | 100.0 | 100.0 | 100.0 | 100.0 | 100.0 | 10369.0
       Dungeon |  38.1 |  38.3 |   0.0 |  25.0 |  21.7 | 4789.3
          Lair |  17.5 |  17.3 |  40.0 |  50.0 |  18.0 | 11937.0
        Shoals |  15.3 |  15.1 |  60.0 |  25.0 |  27.4 | 22697.8
   Spider Nest |  17.6 |  17.7 |   0.0 |   0.0 |  23.3 | 19359.0
  Orcish Mines |   9.2 |   9.2 |   0.0 |   0.0 |   8.4 | 13915.5
        Bailey |   2.4 |   2.4 |   0.0 |   0.0 |   1.3 | 4224.0
               +-------+-------+-------+-------+-------+----------------------

Table legend: (Time is in decaauts)
 A = Elapsed time spent in this place.
 B = Non-inter-level travel time spent in this place.
 C = Inter-level travel time spent in this place.
 D = Time resting spent in this place.
 E = Time spent auto-exploring this place.
 F = Levels seen in this place.
 G = Mean time per level.
                   A        B        C        D        E       F      G
               +--------+--------+--------+--------+--------+-----+--------+
         Total |  36624 |  35158 |   1466 |  11874 |  12532 |  32 | 1144.5 |
       Dungeon |  13643 |  12979 |    664 |   2579 |   6876 |  15 |  909.5 |
          Lair |   6332 |   5955 |    377 |   1601 |   2411 |   5 | 1266.4 |
        Shoals |   6275 |   6188 |     87 |   2878 |   1294 |   4 | 1568.8 |
   Spider Nest |   7411 |   7223 |    188 |   3784 |   1080 |   4 | 1852.8 |
  Orcish Mines |   2169 |   2021 |    148 |    548 |    852 |   2 | 1084.5 |
   Elven Halls |     12 |     12 |      0 |      0 |      0 |   1 |   12.0 |
        Bailey |    780 |    780 |      0 |    483 |     17 |   1 |  780.0 |
               +--------+--------+--------+--------+--------+-----+--------+

Top non-repeatable levels by time:
Spider:3: 3023 daAuts
Spider:1: 2634 daAuts
  Lair:5: 1977 daAuts
Shoals:2: 1901 daAuts
Shoals:1: 1675 daAuts
  Lair:4: 1465 daAuts
Shoals:4: 1400 daAuts
  Lair:2: 1390 daAuts
    D:14: 1348 daAuts
     D:9: 1338 daAuts
Spider:2: 1321 daAuts
Shoals:3: 1298 daAuts
    D:13: 1222 daAuts
   Orc:2: 1119 daAuts
     D:6: 1063 daAuts
